 Dungeon Crawl Stone Soup version 0.17-a0-1691-g18a3847 (webtiles) character file.

44 wvc the Ducker (level 3, 2/17 HPs)
             Began as a Spriggan Artificer on Aug 20, 2015.
             Quit the game on level 3 of the Dungeon.
             The game lasted 00:04:22 (2062 turns).

wvc the Ducker (Spriggan Artificer)                 Turns: 2062, Time: 00:04:22

Health: 2/17       AC:  3    Str: 13    XL:     3   Next: 39%
Magic:  7/7        EV: 19    Int: 13    God:
Gold:   126        SH:  0    Dex: 16    Spells: 0 memorised, 2 levels left

rFire  . . .     SeeInvis +     a - +0 short sword
rCold  . . .     Clarity  .     b - +0 robe
rNeg   . . .     SustAt   .     (shield restricted)
rPois  .         Gourm    .     (helmet restricted)
rElec  .         Spirit   .     p - +0 cloak
rCorr  .         Warding  .     (gloves unavailable)
rMut   .         Stasis   .     (boots unavailable)
MR     .....                    (no amulet)
Stlth  +.........               (no ring)
                                (no ring)

@: confused, mighty, very quick, not resistant to hostile enchantments, very
unstealthy
A: unfitting armour, see invisible, herbivore 3, speed 3, slow metabolism 2
a: no special abilities


You were on level 3 of the Dungeon.
You were not hungry.

You visited 1 branch of the dungeon, and saw 3 of its levels.

You collected 126 gold pieces.

Inventory:

Hand weapons
 a - a +0 short sword (weapon)
Missiles
 i - 2 curare-tipped needles
Armour
 b - a +0 robe (worn)
 p - a +0 cloak (worn)
Jewellery
 q - an uncursed amulet of faith
Magical devices
 c - a wand of flame (41)
 d - a wand of enslavement (14)
 e - a wand of random effects (3)
Scrolls
 l - a scroll of amnesia {unknown}
Potions
 h - 2 potions of might
 j - a potion of degeneration {unknown}
 k - a potion of brilliance {unknown}
 m - a potion of curing {unknown}
 n - a potion of mutation {unknown}
 o - a potion of haste
Comestibles
 f - a bread ration
 g - 3 fruits


   Skills:
 - Level 0.7 Fighting
 * Level 2.3 Short Blades
 + Level 4.3 Dodging
 + Level 2.6 Stealth
 - Level 4.0 Evocations


You had 2 spell levels left.
You didn't know any spells.

Dungeon Overview and Level Annotations

Branches:
Dungeon (3/15)

Altars:
Trog

Annotations:
D:3 Sigmund


Innate Abilities, Weirdness & Mutations

You are tiny and cannot use many weapons and most armour.
You have supernaturally acute eyesight.
You are a herbivore.
You cover ground extremely quickly.
You need consume almost no food.


Message History

You barely miss the orc. The bat barely misses you. The bat barely misses you.
The orc completely misses you. Sigmund barely misses you.
You bump into the rock wall.
The bat barely misses you. Sigmund misses you.
The orc hits you but does no damage.
You bump into the rock wall.
The bat barely misses you. Sigmund closely misses you.
The orc closely misses you.
You hit the bat.
You kill the bat!
Sigmund closely misses you.
You miss Sigmund.
Sigmund is severely wounded.
The orc closely misses you. Sigmund completely misses you.
You puncture Sigmund!
Sigmund is almost dead.
The orc hits you but does no damage. Sigmund hits you with a scythe!
Ouch! That really hurt!
* * * LOW HITPOINT WARNING * * *
You're too confused to move!
The orc hits you but does no damage. Sigmund misses you.
Are you sure you want to abandon this character and quit the game? (Confirm with "yes".)

..# #.# ..# #.# #..# ..>
..# #.# #..# #.#
..###.####..# #.# #
.........(..# #.# .#
..##..####..#####.##.####
.........................
............#####....###.
.###...........@@†.......
.###..#####.####o.#..###.
##....# #.# #..# .#
............. ...# ..
#....###......#.... ..
##.... #........... ..
####.. ##........... . #
###. ##........### # #
#.#..#.#


You could see Sigmund (invisible) and an orc.

Vanquished Creatures
  A worm (D:2)
  2 giant geckos (D:1)
  A ball python (D:3)
  2 giant cockroaches
  2 goblins (D:1)
  2 hobgoblins
  A quokka (D:2)
  9 bats
  2 giant newts (D:2)
  3 jackals (D:1)
  4 kobolds
  2 rats
31 creatures vanquished.

Vanquished Creatures (collateral kills)
  A worm (D:3)
  An orc (D:3)
  A bat (D:3)
3 creatures vanquished.

Grand Total: 34 creatures vanquished

Notes
Turn   | Place    | Note
--------------------------------------------------------------
     0 | D:1      | wvc the Spriggan Artificer began the quest for the Orb.
     0 | D:1      | Reached XP level 1. HP: 9/9 MP: 4/4
   247 | D:1      | Reached XP level 2. HP: 14/14 MP: 6/6
  1212 | D:2      | Found a bloodstained altar of Trog.
  1332 | D:2      | Reached XP level 3. HP: 10/17 MP: 7/7
  1948 | D:3      | Noticed Sigmund
  2062 | D:3      | Quit the game

Vault maps used:
D:1:      ncdulo_wetmaze
D:2:      kennysheep_six_static_rooms, bloody_trog
D:3:      nicolae_overflow_crystal_walls, makhleb_blood_cavern_becter,
          uniq_sigmund, uniq_robin

Action                   || total
-------------------------++-------
Melee: Short sword       ||   107
Evoke: Wand              ||    13
  Use: Scroll            ||     5
       Potion            ||     1
 Stab: Sleeping          ||     7
       Distracted        ||     1
